 Dungeon Crawl Stone Soup version 0.21.1-1-g345015f (webtiles) character file.

3411 diana the Carver (level 9, -7/71 HPs)
             Began as a Demonspawn Gladiator on June 8, 2018.
             Was a Priest of Dithmenos.
             Killed from afar by a gargoyle (18 damage)
             ... with a stone arrow
             ... on level 7 of the Dungeon.
             The game lasted 00:11:30 (8363 turns).

diana the Carver (Demonspawn Gladiator)             Turns: 8363, Time: 00:11:31

Health: -7/71      AC:  4    Str: 14    XL:     9   Next: 76%
Magic:  0/9        EV: 18    Int: 11    God:    Dithmenos [***...]
Gold:   407        SH:  0    Dex: 17    Spells: 8/8 levels left

rFire    . . .     SeeInvis .   a - +0 long sword
rCold    . . .     Gourm    .   (no shield)
rNeg     . . .     Faith    .   b - +1 leather armour
rPois    +         Spirit   +   (helmet restricted)
rElec    .         Reflect  .   (no cloak)
rCorr    .         Harm     .   (no gloves)
MR       .....                  (no boots)
Stlth    +++.......             l - amulet of guardian spirit
HPRegen  0.21/turn              (no ring)
MPRegen  0.11/turn              y - ring of poison resistance

@: wreathed by umbra
A: horns 2, repulsion field 1, nightstalker 1, powered by death 1
a: Shadow Step, Renounce Religion


You were on level 7 of the Dungeon.
You worshipped Dithmenos.
Dithmenos was most pleased with you.
You were not hungry.

You visited 1 branch of the dungeon, and saw 7 of its levels.
You also visited: Sewer.

You collected 407 gold pieces.

Inventory:

Hand Weapons
 a - a +0 long sword (weapon)
Missiles
 d - 2 throwing nets (quivered)
 i - 3 silver javelins
Armour
 b - a +1 leather armour (worn)
 c - a +0 helmet
 D - a +0 buckler
Jewellery
 l - an amulet of guardian spirit (around neck)
 m - an uncursed amulet of rage
 y - a ring of poison resistance (right hand)
Scrolls
 e - 2 scrolls of enchant armour
 g - 2 scrolls of magic mapping
 n - 2 scrolls of identify
 q - a scroll of enchant weapon
 r - a scroll of fear
 t - 4 scrolls of fog
 u - a scroll of immolation
 w - a scroll of amnesia
 C - 2 scrolls of teleportation
 E - a scroll of blinking
Potions
 h - a potion of haste {unknown}
 j - 4 potions of curing
 k - 2 potions of flight
 o - a potion of brilliance
 p - a potion of degeneration {unknown}
 v - a potion of agility
 x - a potion of mutation {unknown}
 z - a potion of heal wounds {unknown}
 A - a potion of ambrosia {unknown}
 B - a potion of berserk rage {unknown}
Books
 s - a book of Flames

   Spells                             Type                      Level
   a - Flame Tongue                   Conjuration/Fire             1
   b - Throw Flame                    Conjuration/Fire             2
   c - Conjure Flame                  Conjuration/Fire             3
   d - Inner Flame                    Hexes/Fire                   3
   e - Sticky Flame                   Conjuration/Fire             4
   f - Fireball                       Conjuration/Fire             5
   Dithmenos disapproves of the use of such an item.
Comestibles
 f - 6 rations


   Skills:
 + Level 6.5 Fighting
 * Level 8.5 Long Blades
 - Level 1.7 Throwing
 + Level 5.5 Armour
 + Level 6.3 Dodging


You had 8 spell levels left.
You didn't know any spells.

Dungeon Overview and Level Annotations

Branches:
Dungeon (7/15)             Temple (0/1) D:6

Altars:
Dithmenos
Gozag
Makhleb
Uskayaw
Wu Jian
The Shining One

Shops:
D:4 %


Innate Abilities, Weirdness & Mutations

You have a pair of horns on your head.
You are surrounded by a mild repulsion field. (EV +2)
You are slightly more attuned to the shadows.
You regenerate a little health from kills.


Message History

You hit the gargoyle but do no damage.
You headbutt the gargoyle, but do no damage.
The gargoyle is almost destroyed.
The gargoyle hurls a stone arrow at you.
The stone arrow misses you.
The gargoyle struggles against the net.
You hit the gargoyle but do no damage.
The gargoyle is almost destroyed.
You hit the gargoyle but do no damage.
You headbutt the gargoyle, but do no damage.
The gargoyle is almost destroyed.
The gargoyle hurls a stone arrow at you.
The stone arrow hits you!
* * * LOW HITPOINT WARNING * * *
The gargoyle struggles against the net.
You feel better.
You hit the gargoyle but do no damage.
The gargoyle is almost destroyed.
The gargoyle hurls a stone arrow at you.
The stone arrow hits you!
You die...

#..##... ******** #..####.
**,.....#* #..####.
**,,......## ###.......
*,,,.......# #.....##..
*,,,.......# ###.#.###..#
*,,,.......#####...#.###.##
*,,,.......##....#....#..#
*,,,.....9@...####....#.##
**,,......#####*##....#.###
**,,......,,,,,,...........
*,,,......,*****#####..####
*,,,......,* *...)....#
*,,,......,* *........###
*,,,......,* *.........).
*,,,,,,,,,,* *........###
**,,,,,,,,** *........# #


You could see a gargoyle (caught).

Vanquished Creatures
  The ghost of diana the Carver, a novice DsGl of Gozag (D:7)
  Eustachio (D:5)
  Edmund (D:5)
  2 water moccasins
  An orc warrior (D:6)
  3 ice beasts
  2 phantoms
  3 ogres
  3 big kobolds
  Blork the orc (D:5)
  2 bullfrogs
  A scorpion (D:5)
  5 crimson imps
  5 hounds
  2 bullfrog skeletons
  3 orc priests
  A jelly (D:6)
  7 orc wizards
  3 iguanas
  2 worker ants
  A worker ant zombie (D:5)
  A howler monkey zombie (D:6)
  Robin (D:3)
  3 gnolls (D:4)
  7 adders
  2 river rats (Sewer)
  3 oozes
  An adder skeleton (D:4)
  3 worms
  2 dart slugs
  5 leopard geckos
  20 orcs
  5 giant cockroaches
  10 goblins
  7 hobgoblins
  15 jackals
  20 kobolds
  4 quokkas
  A ball python (D:6)
  5 bats
  A frilled lizard (D:4)
  2 quokka skeletons
  7 rats
175 creatures vanquished.

Vanquished Creatures (others)
  An orc priest (D:4)
1 creature vanquished.

Grand Total: 176 creatures vanquished

Notes
Turn   | Place    | Note
-------+----------+-------------------------------------------
     0 | D:1      | diana the Demonspawn Gladiator began the quest for the Orb.
     0 | D:1      | Reached XP level 1. HP: 16/16 MP: 1/1
   812 | D:2      | Reached skill level 3 in Long Blades
   812 | D:2      | Gained mutation: You are slightly more attuned to the shadows. [demonic ancestry]
   812 | D:2      | Reached XP level 2. HP: 5/22 MP: 2/2
  1146 | D:2      | Gained mutation: You have a pair of small horns on your head. [demonic ancestry]
  1146 | D:2      | Reached XP level 3. HP: 27/28 MP: 3/3
  1219 | D:2      | Reached skill level 1 in Armour
  1249 | D:2      | Found a shadowy altar of Dithmenos.
  1260 | D:2      | Became a worshipper of Dithmenos the Shadowed
  2303 | D:3      | Noticed Robin
  2311 | D:3      | Gained mutation: You have a pair of horns on your head. [demonic ancestry]
  2311 | D:3      | Reached XP level 4. HP: 34/34 MP: 2/4
  2365 | D:3      | Killed Robin
  2371 | D:3      | Reached * piety under Dithmenos
  2854 | D:3      | Gained mutation: You are surrounded by a mild repulsion field. (EV +2) [demonic ancestry]
  2854 | D:3      | Reached XP level 5. HP: 32/40 MP: 5/5
  2922 | D:3      | Reached skill level 4 in Long Blades
  2962 | D:4      | Noticed an ogre
  2969 | D:4      | Killed an ogre
  2995 | D:4      | Reached XP level 6. HP: 47/47 MP: 6/6
  3519 | D:4      | Found Fatz's Food Shop.
  3527 | D:5      | Entered Level 5 of the Dungeon
  3527 | D:5      | Noticed Eustachio
  3578 | D:5      | Killed Eustachio
  3578 | D:5      | Reached skill level 5 in Long Blades
  3578 | D:5      | Reached XP level 7. HP: 14/53 MP: 7/7
  3827 | D:5      | Noticed Edmund
  3847 | D:5      | Killed Edmund
  4342 | D:5      | Noticed Blork the orc
  4352 | D:5      | Killed Blork the orc
  4620 | D:5      | Found a hide-covered altar of Uskayaw.
  4858 | D:5      | Reached ** piety under Dithmenos
  4858 | D:5      | Reached skill level 6 in Long Blades
  4858 | D:5      | Reached XP level 8. HP: 48/61 MP: 4/8
  4886 | D:5      | Found an opulent altar of Gozag.
  4890 | D:5      | Found a burning altar of Makhleb.
  4892 | D:5      | Found a glowing golden altar of the Shining One.
  4893 | D:5      | Found a shadowy altar of Dithmenos.
  4896 | D:5      | Found an ornate altar of the Wu Jian Council.
  5086 | D:6      | Found a glowing drain.
  5093 | Sewer    | Entered a sewer
  5212 | Sewer    | Found a glowing silver altar of Zin.
  5388 | D:6      | Reached skill level 5 in Dodging
  5392 | D:6      | Reached skill level 5 in Fighting
  5451 | D:6      | Found a staircase to the Ecumenical Temple.
  5912 | D:6      | Reached skill level 7 in Long Blades
  5913 | D:6      | Reached *** piety under Dithmenos
  6449 | D:6      | Gained mutation: You regenerate a little health from kills. [demonic ancestry]
  6449 | D:6      | Reached XP level 9. HP: 60/68 MP: 6/9
  6747 | D:7      | Noticed diana's ghost (novice DsGl)
  7112 | D:4      | Reached skill level 5 in Armour
  8025 | D:7      | Killed diana's ghost
  8025 | D:7      | Reached skill level 8 in Long Blades
  8337 | D:7      | Noticed a gargoyle
  8361 | D:7      | HP: 1/71 [gargoyle/stone arrow (7)]
  8363 | D:7      | Killed from afar by a gargoyle

Skill      XL: |  1  2  3  4  5  6  7  8  9 |
---------------+----------------------------+-----
Long Blades    | 3 4 5 6 7 8 |  8.5
Armour         | 1 2 3 4 5 |  5.5
Dodging        | 3 4 5 6 |  6.3
Fighting       | 3 4 5 6 |  6.5
Throwing       | |  1.7

Action                   |  1- 3 |  4- 6 |  7- 9 || total
-------------------------+-------+-------+-------++-------
Melee: Long sword        |    96 |   157 |   397 ||   650
       Headbutt          |    11 |    28 |   127 ||   166
Throw: Throwing net      |       |       |     1 ||     1
  Use: Scroll            |     2 |       |    11 ||    13
       Potion            |     1 |     5 |     3 ||     9
 Stab: Sleeping          |     4 |     4 |    10 ||    18
  Eat: Chunk             |     4 |     4 |    10 ||    18
       Ration            |       |       |     2 ||     2
Armor: Leather armour    |    25 |    12 |    49 ||    86
       Skin              |     1 |    48 |       ||    49
Dodge: Dodged            |    80 |   128 |   378 ||   586
       Rpst.: Long sword |    30 |    34 |   134 ||   198
